 Dungeon Sprint DCSS version 0.30-a0-371-gad7725a93e (webtiles) character file.

Game seed: 16128834290642946976

156548 mhtbhm the Armataur Barricade (level 16, -51/283 HPs)
             Began as an Armataur Fighter on Nov 20, 2022.
             Was an Initiate of Gozag.
             Killed from afar by an Ice Fiend (70 damage)
             ... with a bolt of cold
             ... in the Dungeon (Sprint III: "The Ten Rune Challenge").
             The game lasted 00:38:36 (11601 turns).

mhtbhm the Armataur Barricade (Armataur Fighter)   Turns: 11601, Time: 00:38:37

Health: -51/283    AC: 44    Str: 37    XL:     16   Next: 48%
Magic:  16/16      EV:  8    Int:  9    God:    Gozag
Gold:   6779       SH: 29    Dex: 13    Spells: 15/15 levels left

rFire   + + .      SeeInvis .    a - +9 morningstar of Ignis's Grace {venom, Dex+2}
rCold   . . .      Faith    .    c - +0 tower shield {reflect}
rNeg    + + +      Spirit   .    b - +3 plate armour {rN+}
rPois   .          Reflect  +    s - +0 helmet of Fedhas's Generosity {rN+ Will+++ Int+2}
rElec   +          Harm     .    r - +1 cloak {rCorr}
rCorr   +          Roll     +    D - +1 pair of gloves of Joareac {Str+6 Dex-5}
Will    ++++.      NoTele   +    I - +0 barding "Adoxircha" {rElec rF++}
Stlth   ..........               Q - amulet "Harigeuc" {Reflect rN+ Dex+4 SH+5}
HPRegen 0.67/turn                q - +4 ring of slaying
MPRegen 0.15/turn                z - ring of flight

@: mighty, berserking, gold aura, flying, hasted, studying 3 skills, invisible,
very quick
A: large, rugged brown scales 3, deformed body, armoured tail, roll, long
tongue, awkward tongue, iridescent scales 3, deterioration 1, mutation
resistance 1, passive freeze, strong 1
}: 2/10 runes: serpentine, silver
a: Renounce Religion, Potion Petition, Call Merchant, Bribe Branch


You were in the Dungeon.
You worshipped Gozag.
Gozag was greatly pleased with you.
You visited 1 branch You collected 31119 gold pieces.
You spent 8721 gold pieces at shops.
You paid 15619 gold pieces to Gozag.

Inventory:

Hand Weapons
 a - the +9 morningstar of Ignis's Grace (weapon) {venom, Dex+2}
   (You bought it in a shop in the Dungeon)

   It poisons the flesh of those it strikes.
   Dex:       It affects your dexterity (+2).
 f - a +2 war axe of holy wrath
 J - a +4 morningstar of holy wrath
Missiles
 d - 9 curare-tipped darts
 x - 5 javelins (quivered)
Armour
 b - a +3 plate armour of positive energy (worn)
 c - a +0 tower shield of reflection (worn)
 r - a +1 cloak of preservation (worn)
 s - the +0 helmet of Fedhas's Generosity (worn) {rN+ Will+++ Int+2}
   (You bought it in a shop in the Dungeon)

   Int:       It affects your intelligence (+2).
   rN:        It protects you from negative energy.
   Will:      It greatly increases your willpower.
 D - the +1 pair of gloves of Joareac (worn) {Str+6 Dex-5}
   (You bought it in a shop in the Dungeon)

   Str:       It affects your strength (+6).
   Dex:       It affects your dexterity (-5).
 I - the +0 barding "Adoxircha" (worn) {rElec rF++}
   (You acquired it in the Dungeon)

   rF:        It greatly protects you from fire.
   rElec:     It insulates you from electricity.
 K - the +10 Black Knight's barding {ponderous, rPois rN+}
   (You bought it in a shop in the Dungeon)

   rPois:     It protects you from poison.
   rN:        It protects you from negative energy.
Jewellery
 q - a +4 ring of slaying (left hand)
 y - a +6 ring of strength
 z - a ring of flight (right hand)
 C - a ring of protection from fire
 F - a ring of protection from cold
 Q - the amulet "Harigeuc" (around neck) {Reflect rN+ Dex+4 SH+5}
   (You found it in the Dungeon)

   [amulet of reflection]

   It reflects blocked missile attacks.
   Dex:       It affects your dexterity (+4).
   rN:        It protects you from negative energy.
   SH:        It affects your SH (+5).
Wands
 j - a wand of digging (6)
 n - a wand of paralysis (31)
 p - a wand of light (4)
 O - a wand of mindburst (7)
 P - a wand of iceblast (4)
Scrolls
 e - 2 scrolls of poison
 h - a scroll of butterflies {unknown}
 v - 3 scrolls of enchant weapon
 w - 2 scrolls of immolation
 H - a scroll of blinking
 L - 5 scrolls of amnesia
 M - a scroll of silence
 N - a scroll of magic mapping {unknown}
Potions
 g - 2 potions of resistance
 l - 5 potions of flight
 m - 3 potions of mutation
 o - 3 potions of might
 u - a potion of attraction
 A - 5 potions of curing
 B - a potion of berserk rage
 E - a potion of cancellation {unknown}
 G - a potion of degeneration {unknown}
Miscellaneous
 i - a tin of tremorstones (2/2)
 t - a condenser vane
 R - a box of beasts


   Skills:
 + Level 24.7 Fighting
 + Level 24.8 Maces & Flails
 + Level 1.0 Throwing
 + Level 24.0 Armour
 + Level 8.2 Dodging
 + Level 12.8 Stealth
 O Level 27 Shields
 + Level 6.6 Evocations


You had 15 spell levels left.
You didn't know any spells.
Your spell library contained the following spells:

 Spells                   Type           Power      Damage    Failure   Level
 Beastly Appendage        Tmut           0%         N/A       71%         1
 Sting                    Tmut/Pois      0%         1d3       71%         1
 Hailstorm                Conj/Ice       0%         3d3       97%         3
 Inner Flame              Hex/Fire       0%         N/A       97%         3
 Flame Wave               Conj/Fire      0%         2d4       100%        4
 Ice Form                 Ice/Tmut       0%         N/A       100%        4
 Sticky Flame             Conj/Fire      0%         2d3       100%        4
 Blade Hands              Tmut           0%         N/A       100%        5
 Iskenderun's Battlesphe  Conj           0%         2d6       100%        5
 Eringya's Noxious Bog    Tmut/Pois      0%         N/A       100%        6
 Iron Shot                Conj/Erth      0%         9d1       100%        6
 Statue Form              Tmut/Erth      0%         N/A       100%        6
 Spellforged Servitor     Conj/Summ      0%         N/A       100%        7
 Simulacrum               Ice/Necr       Unusable   N/A       N/A         6

Dungeon Overview and Level Annotations

Branches:
Dungeon (1/1)

Altars:
Cheibriados
Dithmenos
Elyvilon
Fedhas
Gozag
Hepliaklqana
Kikubaaqudgha
Makhleb
Nemelex Xobeh
Okawaru
Qazlal
Ru
Sif Muna
Trog
Uskayaw
Vehumet
Wu Jian
Xom
Yredelemnul
Zin
The Shining One
Jiyva
Lugonu

Shops:
D (!:[[([[![[[?**?[::[==!((*(![


Innate Abilities, Weirdness & Mutations

You are completely covered in rugged brown scales. (AC +3, +7% HP)
Armour fits poorly on your strangely shaped body.
You have a long armoured tail.
You roll when moving toward enemies. (Rampage)
Your long tongue fully drains potion bottles. (2x potion effects)
Your tongue gives you trouble enunciating. (1.5x scroll delay)
You are completely covered in iridescent scales. (AC +6)
Your body sometimes deteriorates upon taking damage.
You are somewhat resistant to further mutation.
A frigid envelope surrounds you and freezes all who hurt you.
Your muscles are strong. (Str +4, Int/Dex -1)


Message History

The yaktaur is very cold.
The yaktaur is severely wounded.
You puncture Mennas!
Mennas looks as sick as possible!
Mennas is almost dead.
Mennas blocks your attack.
Mennas is almost dead.
Mennas gestures frantically.
You resist with almost no effort. You block the yaktaur's attack. x2
The Ice Fiend gestures at you. The bolt of cold hits you!!
* * * LOW HITPOINT WARNING * * *
The bolt of cold hits the plant!!!
You skewer Mennas like a kebab!!!
You kill Mennas!
A nearby plant withers and dies.
You feel your strength returning.
Your Armour skill increases to level 24!
Unknown command.
You barely miss the Ice Fiend.
Unknown command.
You puncture the Ice Fiend!
The Ice Fiend is poisoned.
The Ice Fiend is lightly wounded.
The Ice Fiend claws you.
* * * LOW HITPOINT WARNING * * *
The Ice Fiend freezes you!!!
* * * LOW HITPOINT WARNING * * *
You block the Ice Fiend's attack. The yaktaur barely misses you.
You block the yaktaur's attack.
You impale the Ice Fiend!!
The Ice Fiend looks as sick as possible!
The Ice Fiend is moderately wounded.
You hit the Ice Fiend.
The Ice Fiend is heavily wounded.
The yaktaur hits you but does no damage.
The yaktaur is very cold.
The yaktaur is almost dead.
The Ice Fiend gestures at you. The bolt of cold hits you!!!
You die...
Your body crumbles into a pile of gold.

..#..####+#######'###▓
'##..#.#.#.#.#.#.#.#.▓
..'..'#.#.#.#.#.#.#.#▓
###..#.#.#.#.#.#.#.#.▓
.########▓▓▓▓▓▓▓▓▓▓▓▓▓
.#.°☼○...▓....'..PP▓
°#.○☼°...▓....▓..PP▓
.'§○(○...')...▓$.cP▓
.#○..)(..▓....▓.@^P▓
'#☼.☼....▓....▓c1^.▓
.########▓....▓P..P+
▓▓ ▓▓▓▓▓▓▓▓▓▓▓


You could see an Ice Fiend (extremely poisoned) and 2 yaktaurs.

Vanquished Creatures
  Mara (D)
  Mennas (D)
  Boris (D)
  Sojobo (D)
  3 golden dragons (D)
  2 bone dragons (D)
  Nikola (D)
  Rupert (D)
  An Ice Fiend (D)
  A lich (D)
  2 deep elf blademasters (D)
  An Executioner (D)
  An ancient champion (D)
  Chuck (D)
  Gastronok (D)
  2 sphinxes (D)
  Frances (D)
  4 shadow dragons (D)
  A storm dragon (D)
  Roxanne (D)
  A nagaraja (D)
  A draconian knight (D)
  Donald (D)
  A fire giant (D)
  A frost giant (D)
  A stone giant (D)
  6 vampire knights (D)
  3 deep elf demonologists (D)
  Nessos (D)
  Azrael (D)
  A deep elf annihilator (D)
  2 dire elephants (D)
  A yellow draconian (D)
  A deep elf death mage (D)
  Josephine (D)
  A fire dragon (D)
  3 yaktaur captains (D)
  8 mummy priests (D)
  18 vault guards (D)
  A deep elf high priest (D)
  2 hydras (D)
  An ogre mage (D)
  2 hell beasts (D)
  3 centaur warriors (D)
  An anaconda (D)
  4 death yaks (D)
  Urug (D)
  4 dancing weapons (D)
  A naga warrior (D)
  2 sun demons (D)
  2 soul eaters (D)
  2 deep elf knights (D)
  A shadow wraith (D)
  5 skeletal warriors (D)
  A glowing orange brain (D)
  A death drake (shapeshifter) (D)
  A spriggan druid (D)
  An anaconda zombie (D)
  A golden dragon zombie (D)
  A death drake (D)
  An orc knight (D)
  2 spectral iron dragons (D)
  A lindwurm (D)
  2 obsidian statues (D)
  A swamp dragon (shapeshifter) (D)
  3 deep elf pyromancers (D)
  2 deep elf zephyrmancers (D)
  4 orc sorcerers (D)
  4 crystal guardians (D)
  2 ugly things (D)
  A shining eye (D)
  2 oklob plants (D)
  2 elephants (D)
  A guardian serpent (D)
  4 black mambas (D)
  4 statues (D)
  A stone giant skeleton (D)
  A molten gargoyle (D)
  An unseen horror (D)
  2 cane toads (D)
  5 yaktaurs (D)
  A rime drake (D)
  3 wandering mushrooms (D)
  A komodo dragon (D)
  2 ice devils (D)
  A queen bee (D)
  3 hornets (D)
  4 spriggan defenders (D)
  8 guardian mummies (D)
  2 tyrant leeches (D)
  2 orc high priests (D)
  13 slime creatures (D)
  8 blink frogs (D)
  2 spriggans (D)
  A shadow (D)
  3 redbacks (D)
  A golden eye (D)
  2 iron troll simulacra (D)
  2 nagas (D)
  A spatial vortex (D)
  A hydra simulacrum (D)
  A swamp worm (shapeshifter) (D)
  6 water moccasins (D)
  A floating eye (D)
  2 swamp drakes (D)
  3 orc warriors (D)
  2 centaurs (D)
  An earth elemental (D)
  A necrophage (D)
  A water elemental (D)
  32 killer bees (D)
  6 electric eels (D)
  2 orc priests (D)
  A jelly (D)
  A wizard (D)
  Jessica (D)
  2 orc wizards (D)
  5 necromancers (D)
  3 humans (D)
  A kobold demonologist (D)
  A wolf (D)
  2 adders (D)
  9 orcs (D)
  An endoplasm (D)
  A ball python zombie (D)
  A giant cockroach zombie (D)
  A jackal simulacrum (D)
  2 rats (D)
  2 bushes (D)
  2 butterflies (D)
  2 plants (D)
322 creatures vanquished.

Vanquished Creatures (others)
  3 ball lightnings (D)
  5 ballistomycete spores (D)
  36 plants (D)
44 creatures vanquished.

Grand Total: 366 creatures vanquished

Notes
Turn   | Place    | Note
-------+----------+-------------------------------------------
     0 | D        | mhtbhm the Armataur Fighter began the quest for the Orb.
     0 | D        | Reached XP level 1. HP: 19/19 MP: 1/1
    32 | D        | Noticed Jessica
    43 | D        | Killed Jessica
    44 | D        | Reached skill level 5 in Armour
    44 | D        | Reached skill level 4 in Shields
    44 | D        | Reached XP level 2. HP: 28/28 MP: 2/2
    44 | D        | Reached XP level 3. HP: 35/35 MP: 3/3
   231 | D        | Reached skill level 5 in Shields
   255 | D        | Gained mutation: Your muscles are strong. (Str +4, Int/Dex
                  | -1) [potion of mutation]
   255 | D        | Gained mutation: Your natural rate of healing is unusually
                  | fast. [potion of mutation]
   255 | D        | Gained mutation: You occasionally lose the ability to read
                  | scrolls when taking damage. [potion of mutation]
   255 | D        | Gained mutation: You are partially covered in iridescent
                  | scales. (AC +2) [potion of mutation]
   255 | D        | Gained mutation: A frigid envelope surrounds you and
                  | freezes all who hurt you. [potion of mutation]
   255 | D        | Gained mutation: Your muscles are very strong. (Str +8,
                  | Int/Dex -2) [potion of mutation]
   255 | D        | Gained mutation: You are mostly covered in iridescent
                  | scales. (AC +4) [potion of mutation]
   256 | D        | Lost mutation: Your natural rate of healing is unusually
                  | fast. [potion of mutation]
   256 | D        | Lost mutation: You occasionally lose the ability to read
                  | scrolls when taking damage. [potion of mutation]
   256 | D        | Lost mutation: Your muscles are very strong. (Str +8,
                  | Int/Dex -2) [potion of mutation]
   256 | D        | Lost mutation: Your muscles are strong. (Str +4, Int/Dex
                  | -1) [potion of mutation]
   256 | D        | Gained mutation: Your muscles are strong. (Str +4, Int/Dex
                  | -1) [potion of mutation]
   256 | D        | Gained mutation: You are completely covered in iridescent
                  | scales. (AC +6) [potion of mutation]
   256 | D        | Gained mutation: You are somewhat resistant to further
                  | mutation. [potion of mutation]
   263 | D        | Noticed a water elemental
   265 | D        | Killed a water elemental
   266 | D        | Reached skill level 5 in Fighting
   266 | D        | Reached XP level 4. HP: 44/44 MP: 4/4
   281 | D        | Noticed a shadow
   286 | D        | Reached skill level 6 in Shields
   286 | D        | Reached XP level 5. HP: 53/53 MP: 5/5
   288 | D        | Killed a shadow
   289 | D        | Reached skill level 1 in Dodging
   289 | D        | Reached skill level 7 in Shields
   289 | D        | Reached XP level 6. HP: 62/62 MP: 6/6
   336 | D        | Found a blossoming altar of Fedhas.
   336 | D        | Found a stormy altar of Qazlal.
   336 | D        | Found a snail-covered altar of Cheibriados.
   336 | D        | Found a burning altar of Makhleb.
   336 | D        | Found a shimmering altar of Xom.
   337 | D        | Found a hazy altar of Hepliaklqana.
   337 | D        | Found an opulent altar of Gozag.
   337 | D        | Found a sparkling altar of Nemelex Xobeh.
   337 | D        | Found a corrupted altar of Lugonu.
   337 | D        | Found a viscous altar of Jiyva.
   337 | D        | Noticed a spatial vortex
   345 | D        | Killed a spatial vortex
   349 | D        | Became a worshipper of Gozag Ym Sagoz the Greedy
   365 | D        | Found a basalt altar of Yredelemnul.
   365 | D        | Found a shadowy altar of Dithmenos.
   365 | D        | Found a sacrificial altar of Ru.
   492 | D        | Found a radiant altar of Vehumet.
   492 | D        | Found a shimmering blue altar of Sif Muna.
   492 | D        | Found an ancient bone altar of Kikubaaqudgha.
   494 | D        | Noticed a smoke demon
   496 | D        | Reached XP level 7. HP: 61/71 MP: 7/7
   506 | D        | Noticed a hellwing
   577 | D        | Found a glowing silver altar of Zin.
   577 | D        | Found a glowing golden altar of the Shining One.
   577 | D        | Found a white marble altar of Elyvilon.
   577 | D        | Noticed a deep elf pyromancer
   580 | D        | Noticed a fire elemental
   582 | D        | Killed a deep elf pyromancer
   583 | D        | Reached skill level 8 in Shields
   604 | D        | Found a hide-covered altar of Uskayaw.
   604 | D        | Found an iron altar of Okawaru.
   605 | D        | Found a bloodstained altar of Trog.
   605 | D        | Found an ornate altar of the Wu Jian Council.
   605 | D        | Noticed a human
   608 | D        | Noticed a human
   614 | D        | Killed a human
   615 | D        | Reached skill level 10 in Maces & Flails
   615 | D        | Reached XP level 8. HP: 71/83 MP: 8/8
   672 | D        | Noticed Josephine
   688 | D        | Killed Josephine
   689 | D        | Reached skill level 10 in Armour
   689 | D        | Reached skill level 1 in Stealth
   689 | D        | Reached skill level 9 in Shields
   737 | D        | Reached skill level 10 in Fighting
   797 | D        | Noticed a centaur warrior
   802 | D        | Reached XP level 9. HP: 67/90 MP: 9/9
   805 | D        | Killed a centaur warrior
   918 | D        | Killed an unseen horror
   936 | D        | Noticed a wandering mushroom
   939 | D        | Noticed a wandering mushroom
   940 | D        | Noticed a wandering mushroom
   945 | D        | Killed a wandering mushroom
   952 | D        | Killed a wandering mushroom
  1027 | D        | Noticed an orc sorcerer
  1030 | D        | Noticed an orc sorcerer
  1034 | D        | Noticed an orc sorcerer
  1035 | D        | Noticed a red devil
  1035 | D        | Noticed an orc sorcerer
  1040 | D        | Noticed an ice devil
  1041 | D        | Paralysed by an orc sorcerer for 4 turns
  1042 | D        | Killed an orc sorcerer
  1043 | D        | Reached skill level 10 in Shields
  1043 | D        | Reached XP level 10. HP: 101/102 MP: 10/10
  1048 | D        | Noticed a rust devil
  1049 | D        | Killed an orc sorcerer
  1052 | D        | Paralysed by an orc sorcerer for 3 turns
  1056 | D        | Killed an orc sorcerer
  1057 | D        | Reached skill level 1 in Evocations
  1058 | D        | Killed an orc sorcerer
  1075 | D        | Found Sysiz's Armour Shop.
  1308 | D        | Noticed a deep elf zephyrmancer
  1308 | D        | Noticed a deep elf knight
  1308 | D        | Noticed a deep elf zephyrmancer
  1308 | D        | Noticed a deep elf pyromancer
  1308 | D        | Noticed a deep elf pyromancer
  1327 | D        | Killed a deep elf zephyrmancer
  1328 | D        | Reached skill level 15 in Maces & Flails
  1337 | D        | Killed a deep elf knight
  1342 | D        | Killed a deep elf zephyrmancer
  1343 | D        | Killed a deep elf pyromancer
  1344 | D        | Killed a deep elf pyromancer
  1345 | D        | Reached skill level 11 in Shields
  1469 | D        | Bought a runed mace for 168 gold pieces
  1470 | D        | Bought a runed mace for 168 gold pieces
  1507 | D        | Noticed Donald
  1507 | D        | Noticed Frances
  1515 | D        | Killed Frances
  1516 | D        | Reached skill level 5 in Dodging
  1516 | D        | Reached XP level 11. HP: 68/112 MP: 11/11
  1523 | D        | Killed Donald
  2023 | D        | Found Quac's Antique Armour Emporium.
  2023 | D        | Found Loxke's Jewellery Shop.
  2023 | D        | Found Ypoirch's Book Boutique.
  2023 | D        | Found Keugeff's Jewellery Emporium.
  2023 | D        | Found Fitsolli's Antique Weapon Shop.
  2023 | D        | Found Kureweh's Weapon Emporium.
  2023 | D        | Found Sula Woa's Distillery.
  2024 | D        | Found Fuam's Book Boutique.
  2024 | D        | Found Zaoh Qotu's Armour Shoppe.
  2024 | D        | Found Mumnawn's Magic Scroll Shop.
  2024 | D        | Found Roqi's Assorted Antiques.
  2055 | D        | Bought 2 curare-tipped darts for 15 gold pieces
  2068 | D        | Bought a potion of resistance for 110 gold pieces
  2068 | D        | Bought a potion of might for 44 gold pieces
  2077 | D        | Bought a pair of glowing gloves for 135 gold pieces
  2089 | D        | Bought a +4 ring of slaying for 858 gold pieces
  2089 | D        | Bought a +4 ring of evasion for 396 gold pieces
  2100 | D        | Bought a +2 ring mail of poison resistance for 216 gold
                  | pieces
  2117 | D        | Noticed an obsidian statue
  2129 | D        | Killed an obsidian statue
  2308 | D        | Reached skill level 12 in Shields
  2392 | D        | Bought a dazzling helmet for 237 gold pieces
  2392 | D        | Identified the +0 helmet of Fedhas's Generosity {rN+
                  | Will+++ Int+2} (You bought it in a shop in the Dungeon)
  2397 | D        | Bought a pair of runed gloves for 187 gold pieces
  2414 | D        | Bought a glowing plate armour for 650 gold pieces
  2461 | D        | Reached skill level 15 in Armour
  2715 | D        | Noticed a centaur warrior
  2728 | D        | Killed a centaur warrior
  2789 | D        | Noticed a fire dragon
  2797 | D        | Killed a fire dragon
  2798 | D        | Reached skill level 13 in Shields
  2830 | D        | Identified the +9 flail of Okawaru's Generosity {distort,
                  | rN++ Int-2}
  2845 | D        | Noticed a +1 battleaxe of venom
  2845 | D        | Noticed a +0 mace of protection
  2852 | D        | Killed a +1 battleaxe of venom
  2858 | D        | Killed a +0 mace of protection
  2859 | D        | Reached XP level 12. HP: 80/125 MP: 12/12
  2993 | D        | Reached skill level 14 in Shields
  3472 | D        | Noticed a yaktaur captain
  3478 | D        | Killed a yaktaur captain
  3513 | D        | Noticed Chuck
  3524 | D        | Reached skill level 5 in Stealth
  3524 | D        | Reached skill level 15 in Shields
  3534 | D        | Killed Chuck
  3665 | D        | Noticed a vampire knight
  3671 | D        | Killed a vampire knight
  3679 | D        | Noticed a bone dragon
  3694 | D        | Killed a bone dragon
  3695 | D        | Reached skill level 15 in Fighting
  3815 | D        | Noticed a vampire knight
  3820 | D        | Killed a vampire knight
  3870 | D        | Reached skill level 16 in Shields
  3893 | D        | Noticed a vampire knight
  3899 | D        | Killed a vampire knight
  3947 | D        | Noticed a bone dragon
  3958 | D        | Killed a bone dragon
  3959 | D        | Reached XP level 13. HP: 136/136 MP: 4/13
  3979 | D        | Noticed a vampire knight
  3989 | D        | Killed a vampire knight
  3994 | D        | Noticed a mummy priest
  3999 | D        | Killed a mummy priest
  4000 | D        | Noticed a sphinx
  4000 | D        | Noticed a sphinx
  4010 | D        | Killed a sphinx
  4018 | D        | Killed a sphinx
  4197 | D        | Noticed a mummy priest
  4197 | D        | Noticed a mummy priest
  4204 | D        | Killed a mummy priest
  4209 | D        | Killed a mummy priest
  4210 | D        | Reached skill level 17 in Shields
  4222 | D        | Noticed a mummy priest
  4231 | D        | Killed a mummy priest
  4423 | D        | Noticed a mummy priest
  4424 | D        | Noticed a mummy priest
  4435 | D        | Killed a mummy priest
  4436 | D        | Killed a mummy priest
  4494 | D        | Noticed a mummy priest
  4495 | D        | Noticed a jiangshi
  4495 | D        | Noticed a jiangshi
  4498 | D        | Noticed an Ice Fiend
  4507 | D        | Killed a mummy priest
  4511 | D        | Killed an Ice Fiend
  5021 | D        | Reached skill level 10 in Stealth
  5284 | D        | Noticed Urug
  5288 | D        | Killed Urug
  5325 | D        | Reached skill level 18 in Shields
  5499 | D        | Found a blossoming altar of Fedhas.
  5788 | D        | Noticed a nagaraja
  5789 | D        | Found Rynul's Distillery.
  5789 | D        | Found Magapapp's Book Shoppe.
  5790 | D        | Found Vytaxton's Antique Armour Boutique.
  5801 | D        | Killed a nagaraja
  5804 | D        | Reached XP level 14. HP: 50/153 MP: 4/14
  6002 | D        | Bought a potion of haste for 110 gold pieces
  6002 | D        | Bought a potion of curing for 33 gold pieces
  6002 | D        | Bought a potion of might for 44 gold pieces
  6018 | D        | Got a serpentine rune of Zot
  6199 | D        | Noticed Rupert
  6213 | D        | Killed Rupert
  6214 | D        | Reached skill level 19 in Shields
  6386 | D        | Noticed Gastronok
  6429 | D        | Killed Gastronok
  6726 | D        | Noticed an azure jelly
  6726 | D        | Noticed an azure jelly
  6969 | D        | Bought a pair of distressingly furry gloves for 275 gold
                  | pieces
  6969 | D        | Identified the +1 pair of gloves of Joareac {Str+6 Dex-5}
                  | (You bought it in a shop in the Dungeon)
  6984 | D        | Bought a potion of curing for 36 gold pieces
  6984 | D        | Bought a potion of curing for 36 gold pieces
  6988 | D        | Bought an ancient morningstar for 324 gold pieces
  6988 | D        | Identified the +9 morningstar of Ignis's Grace {venom,
                  | Dex+2} (You bought it in a shop in the Dungeon)
  7003 | D        | Noticed Sojobo
  7014 | D        | Killed Sojobo
  7202 | D        | Noticed a lich
  7205 | D        | Killed a lich
  7206 | D        | Reached skill level 20 in Shields
  7218 | D        | Noticed a shadow dragon
  7221 | D        | Noticed a shadow dragon
  7233 | D        | Killed a shadow dragon
  7245 | D        | Killed a shadow dragon
  7404 | D        | Reached skill level 5 in Evocations
  7428 | D        | Noticed a shadow dragon
  7430 | D        | Noticed a stone giant
  7448 | D        | Killed a shadow dragon
  7452 | D        | Killed a stone giant
  7483 | D        | Reached skill level 21 in Shields
  7485 | D        | Noticed a golden dragon
  7490 | D        | Killed a golden dragon
  7506 | D        | Noticed a golden dragon
  7506 | D        | Noticed a fire giant
  7509 | D        | Noticed a frost giant
  7521 | D        | Killed a fire giant
  7933 | D        | Reached XP level 15. HP: 147/167 MP: 15/15
  8067 | D        | Killed a frost giant
  8068 | D        | Reached skill level 22 in Shields
  8267 | D        | Noticed a shadow dragon
  8278 | D        | Killed a shadow dragon
  8311 | D        | Noticed a golden dragon
  8325 | D        | Killed a golden dragon
  8340 | D        | Killed a golden dragon
  8354 | D        | Reached skill level 23 in Shields
  8391 | D        | Got a silver rune of Zot
  8712 | D        | Acquired 431 gold pieces
  8877 | D        | Noticed Azrael
  8881 | D        | Killed Azrael
  9081 | D        | Bought a scroll of blinking for 105 gold pieces
  9081 | D        | Bought a scroll of blinking for 105 gold pieces
  9105 | D        | Bought a potion of berserk rage for 195 gold pieces
  9105 | D        | Bought a scroll of identify for 78 gold pieces
  9105 | D        | Bought a scroll of identify for 78 gold pieces
  9109 | D        | Acquired the +0 barding "Adoxircha" {rElec rF++}
  9118 | D        | Acquired 910 gold pieces
  9159 | D        | Bought a condenser vane for 1040 gold pieces
  9159 | D        | Bought a runed morningstar for 182 gold pieces
  9159 | D        | Bought a potion of might for 104 gold pieces
  9159 | D        | Bought the +10 Black Knight's barding {ponderous, rPois
                  | rN+} for 1648 gold pieces
  9159 | D        | Found the +10 Black Knight's barding {ponderous, rPois rN+}
  9286 | D        | Noticed a deep elf blademaster
  9286 | D        | Identified the +1 leather armour "Pettu" {rElec rPois Will+
                  | Str+2}
  9293 | D        | Killed a deep elf blademaster
  9301 | D        | Noticed an Ice Fiend
  9467 | D        | Identified the amulet "Harigeuc" {Reflect rN+ Dex+4 SH+5}
  9627 | D        | Bought a scroll of acquirement for 832 gold pieces
  9627 | D        | Bought a scroll of enchant weapon for 120 gold pieces
  9627 | D        | Bought a scroll of identify for 32 gold pieces
  9628 | D        | Acquired 509 gold pieces
  9640 | D        | Paralysed by an air elemental for 1 turns
  9652 | D        | Reached skill level 24 in Shields
  9793 | D        | Found Ciadghuch's Armour Emporium.
  9793 | D        | Found Ygros's Armour Shop.
  9793 | D        | Found Muudechaeq's Distillery.
  9793 | D        | Found Jowk's Armour Shoppe.
  9810 | D        | Bought a potion of heal wounds for 50 gold pieces
  9810 | D        | Bought a potion of heal wounds for 50 gold pieces
  9810 | D        | Bought a potion of curing for 30 gold pieces
  9810 | D        | Bought a potion of curing for 30 gold pieces
  9814 | D        | Identified Roxanne's Parchment of Transmogrification
  9814 | D        | Noticed Roxanne
  9826 | D        | Killed Roxanne
 10037 | D        | Found Laeg's Armour Boutique.
 10249 | D        | Noticed Nikola
 10249 | D        | Noticed a storm dragon
 10255 | D        | Killed a storm dragon
 10258 | D        | Killed Nikola
 10580 | D        | Noticed Mara
 10589 | D        | Noticed mhtbhm's illusion
 10592 | D        | Killed Mara
 10598 | D        | Reached skill level 25 in Shields
 10789 | D        | Noticed an ancient champion
 10792 | D        | Killed an ancient champion
 10826 | D        | Noticed Boris
 10832 | D        | Reached XP level 16. HP: 184/184 MP: 16/16
 10851 | D        | Killed Boris
 11125 | D        | Reached skill level 1 in Throwing
 11125 | D        | Reached skill level 26 in Shields
 11337 | D        | Noticed an Executioner
 11342 | D        | Killed an Executioner
 11370 | D        | Noticed Nessos
 11379 | D        | Killed Nessos
 11380 | D        | Reached skill level 27 in Shields
 11417 | D        | Gained mutation: Your body sometimes deteriorates upon
                  | taking damage. [a shining eye]
 11545 | D        | Noticed a deep elf blademaster
 11576 | D        | Killed a deep elf blademaster
 11580 | D        | Noticed Mennas
 11580 | D        | Noticed an Ice Fiend
 11597 | D        | Killed Mennas
 11601 | D        | Killed from afar by an Ice Fiend

Illustrated notes

Levels and vault maps discovered:
D:        dungeon_sprint_mu [sprint_mu_entry_cave, sprint_mu_temple_rooms,
          sprint_mu_d1_horrors, sprint_mu_d2_genie, sprint_mu_d3_branching,
          sprint_mu_orc_legion, sprint_mu_elf_gauntlet, sprint_mu_hive_nellie,
          sprint_mu_lair_fedhas, sprint_mu_vaults_butterflies,
          sprint_mu_slime_circle, sprint_mu_swamp_cave, sprint_mu_snake_twists,
          sprint_mu_blade_basic, sprint_mu_crypt_chambers,
          sprint_mu_tomb_spiral, sprint_mu_vestibule_basic,
          sprint_mu_gehenna_hellfire, sprint_mu_dis_giant,
          sprint_mu_tartarus_statrot, sprint_mu_cocytus_islands, sprint_mu_zot1]

Skill      XL: |  1  2  3  4  5  6  7  8  9 10 11 12 13 14 15 16 |
---------------+-------------------------------------------------+-----
Fighting       | 4 5 6 7 9 10 11 12 14 15 18 20 23 24 | 24.7
Armour         | 5 6 7 8 9 10 11 13 15 17 18 21 23 24 | 24.0
Maces & Flails | 3 4 6 7 10 12 14 15 16 18 19 21 23 24 | 24.8
Shields        | 4 5 6 7 8 9 10 11 13 16 18 21 25 27 | 27.0
Dodging        | 1 2 3 5 6 7 8 |  8.2
Stealth        | 1 2 3 4 8 10 11 12 | 12.8
Evocations     | 2 3 4 5 6 |  6.6
Throwing       | 1 |  1.0

Action                   |  1- 3 |  4- 6 |  7- 9 | 10-12 | 13-15 | 16-18 || total
-------------------------+-------+-------+-------+-------+-------+-------++-------
Melee: Flail             |    22 |    27 |    88 |    57 |       |       ||   194
       Tailslap          |     4 |     2 |    16 |    56 |   126 |    32 ||   236
       Mace              |       |       |       |   199 |       |       ||   199
       Eveningstar       |       |       |       |   131 |   272 |       ||   403
       Morningstar       |       |       |       |       |   342 |   150 ||   492
Throw: Javelin           |       |       |       |       |     1 |       ||     1
Invok: Potion Petition   |       |       |       |     6 |     3 |     1 ||    10
       Call Merchant     |       |       |       |     3 |     6 |       ||     9
Evoke: Tin of tremorston |       |       |     2 |     5 |     8 |       ||    15
       Wand              |       |       |       |       |     1 |       ||     1
       Condenser vane    |       |       |       |       |     2 |     1 ||     3
  Use: Potion            |     3 |     1 |     2 |     5 |     3 |     3 ||    17
       Scroll            |       |       |       |       |    12 |       ||    12
 Stab: Invisible         |       |       |       |     6 |     4 |       ||    10
       Distracted        |       |       |       |     1 |     5 |     1 ||     7
Armor: Scale mail        |     6 |     8 |    32 |    13 |       |       ||    59
       Ring mail         |       |       |       |    31 |       |       ||    31
       Plate armour      |       |       |       |    57 |   213 |    60 ||   330
Dodge: Dodged            |    11 |     4 |    18 |   104 |   111 |    11 ||   259
Block: Buckler           |     4 |     4 |    17 |     6 |       |       ||    31
       Kite shield       |       |       |       |   148 |   141 |       ||   289
       Reflection        |       |       |       |     3 |     9 |     6 ||    18
       Tower shield      |       |       |       |       |   196 |   140 ||   336

Table legend: (Time is in decaauts) A = Elapsed time spent in this place. B = Non-inter-level travel time spent in this place. C = Inter-level travel time spent in this place. D = Time resting spent in this place. E = Time spent auto-exploring this place. F = Levels seen in this place. G = Mean time per level. A B C D E F G +--------+--------+--------+--------+--------+-----+--------+ Total | 11406 | 11252 | 154 | 6398 | 101 | 1 | 11406.0 | Dungeon | 11406 | 11252 | 154 | 6398 | 101 | 1 | 11406.0 | +--------+--------+--------+--------+--------+-----+--------+

Top non-repeatable levels by time:
       D: 11406 daAuts
